 Dungeon Crawl Stone Soup version 0.32-a0-411-g744942f433 (webtiles) character file.

Game seed: 5632638332326889656

30 shadowstone the Sneak (level 3, 24/24 HPs)
             Began as a Coglin Brigand on Feb 20, 2024.
             Was a Follower of Hepliaklqana.
             Quit the game on level 1 of the Dungeon.
             The game lasted 00:03:10 (409 turns).

shadowstone the Sneak (Coglin Brigand)               Turns: 409, Time: 00:03:10

Health: 24/24      AC:  6    Str: 11    XL:     3   Next: 18%
Magic:  3/3        EV: 12    Int: 10    God:    Hepliaklqana [*.....]
Gold:   11         SH:  0    Dex: 17    Spells: 2/2 levels left

rFire   . . .        (no weapon)
rCold   . . .        (no shield)
rNeg    . . .        b - +0 robe
rPois   .            (no helmet)
rElec   .            c - +0 cloak
rCorr   .            (no gloves)
SInv    .            f - +2 pair of boots
Will    .....        (no amulet)
Stlth   +++          (no ring)
HPRegen 0.24/turn    (no ring)
MPRegen 0.08/turn

%: no passive effects
@: immotile, revving
A: reduced essence, off-hand wielding, slow wielding, warmup strikes, legs
shutdown
a: Renounce Religion, Recall Ancestor, Ancestor Identity


You were on level 1 of the Dungeon.
You worshipped Hepliaklqana.
Hepliaklqana was aware of your devotion.
You visited 1 branch of the dungeon, and saw 1 of its levels.

You collected 11 gold pieces.

Inventory:

Hand Weapons
 a - a +3 dagger {Arammadara}
Missiles
 d - 12 poisoned darts (quivered)
 e - 3 curare-tipped darts
Armour
 b - a +0 robe (worn)
 c - a +0 cloak (worn)
 f - a +2 pair of boots (worn)


   Skills:
 + Level 2.1 Fighting
 + Level 2.1 Short Blades
 + Level 1.7 Throwing
 + Level 1.0 Dodging
 + Level 3.8 Stealth
 + Level 0.5 Unarmed Combat


You had 2 spell levels left.
You didn't know any spells.
Your spell library was empty.

Dungeon Overview and Level Annotations

Branches:
Dungeon (1/15)

Altars:
Hepliaklqana


Innate Abilities, Weirdness & Mutations

Your life essence is reduced to manifest your ancestor. (-10% HP)
You can wield a second weapon in your off-hand.
It takes a long time for you to wield or remove held weapons.
Your first few attacks do less damage.
Attacking and casting redirects power from your legs.


Message History

You cannot move.
You cannot move.
You cannot move.
You cannot move.
You cannot move.
It was a potion of magic.
Magic courses through your body.
You are no longer unable to travel.
Found an escape hatch in the floor.
As you read the scroll labelled QOKKAR XITOE, it crumbles to dust.
It is a scroll of enchant weapon.
Your +2 dagger {Arammadara} glows red for a moment.
A goblin and a hobgoblin come into view.
The hobgoblin shouts!
The goblin shouts!
You hear a shout!
An endoplasm comes into view.
The endoplasm quivers.
You hit the goblin.
You kill the goblin!
You cannot move.
You cannot move.
You cannot move.
You cannot move.
You cannot move.
You cannot move.
You cannot move.
You cannot move.
You cannot move.
You cannot move.
You cannot move.
You cannot move.
You cannot move.
You cannot move.
You cannot move.
You cannot move.
You cannot move.
You cannot move.
You cannot move.
You cannot move.
You cannot move.
You cannot move.
Are you sure you want to abandon this character and quit the game? (Confirm with "yes".)

#..# #...........#
#..# ##........)..
##.####.............
#.......#.......
#...###..#...... #.
# #..#####.. ##.##.#
#.# #...#.##.....
#R@.....#
#..g#.....##
##.##.....# #.
......# . .J....# .
#..##### .. ...#
#..#


You could see the friendly Ofoog the ancestor, an endoplasm and a hobgoblin
(ally target).

Vanquished Creatures
  An endoplasm (D:1)
  2 goblins (D:1)
  A hobgoblin (D:1)
  A kobold (D:1)
  A quokka (D:1)
  5 ball pythons (D:1)
  A frilled lizard (D:1)
  A rat (D:1)
13 creatures vanquished.

Vanquished Creatures (collateral kills)
  A bat (D:1)
  A hobgoblin (D:1)
  A kobold (D:1)
  A frilled lizard (D:1)
4 creatures vanquished.

Grand Total: 17 creatures vanquished

Notes
Turn   | Place    | Note
-------+----------+-------------------------------------------
     0 | D:1      | shadowstone the Coglin Brigand began the quest for the Orb.
     0 | D:1      | Reached XP level 1. HP: 16/16 MP: 1/1
   194 | D:1      | Found a faded altar of an unknown god.
   202 | D:1      | Reached XP level 2. HP: 20/22 MP: 2/2
   287 | D:1      | Prayed at the altar of an unknown god.
   287 | D:1      | Became a worshipper of Hepliaklqana the Forgotten
   287 | D:1      | Reached * piety under Hepliaklqana
   343 | D:1      | Reached skill level 1 in Dodging
   356 | D:1      | Reached XP level 3. HP: 23/24 MP: 3/3
   409 | D:1      | Quit the game

Illustrated notes

Levels and vault maps discovered:
D:1:      elethiomel_arrival_quiet, layout_rooms,
          nicolae_ecumenical_snake_handling, minmay_tree_intersection,
          grunt_decor_mini_mirrors, minmay_ruptured

Skill      XL: |  1  2 |
---------------+-------+-----
Short Blades   | 2 |  2.1
Dodging        | 1 |  1.0
Fighting       | |  2.1
Throwing       | |  1.7
Stealth        | |  3.8
Unarmed Combat | |  0.5

Action                     || total
---------------------------++-------
  Melee: Dagger            ||    12
         Unarmed           ||    59
    Use: Scroll            ||     1
         Potion            ||     1
   Stab: Sleeping          ||     1
 Armour: Robe              ||    65
  Dodge: Dodged            ||    83

Table legend: (Time is in decaauts)
 A = Elapsed time spent in this place.
 B = Non-inter-level travel time spent in this place.
 C = Inter-level travel time spent in this place.
 D = Time resting spent in this place.
 E = Time spent auto-exploring this place.
 F = Levels seen in this place.
 G = Mean time per level.
                   A        B        C        D        E       F      G
               +--------+--------+--------+--------+--------+-----+--------+
         Total |    407 |    399 |      8 |    130 |      0 |   1 |  407.0 |
       Dungeon |    407 |    399 |      8 |    130 |      0 |   1 |  407.0 |
               +--------+--------+--------+--------+--------+-----+--------+

Top non-repeatable levels by time:
     D:1: 407 daAuts
